AoeStats
← kjubab

Golden Pit

509827923Analyzed
1v1 RM · 4d ago on Sep 28, 2026· 24m 48s· 2 players
Game mode
Random Map
Map size
Tiny (2 player)
Population
200
Speed
Normal
Resources
Standard
Victory
Conquest
Starting age
Dark Age
Ending age
Imperial Age
RankedLock teamsTeams togetherTeam positionsShared explorationLock speedFull tech treeHidden civsTurbo modeCheats
Victory
Defeat
🇨🇿 Khmer · Czechia
1080
+17
🇩🇪 Ethiopians · Germany
1092
-17
kjubab
10:35 Feudal Age
8:51 Loom
15:23 Castle Age
15:07 Bloodlines
15:19 Double-Bit Axe
17:59 Forging
19:33 Husbandry
20:09 Scale Barding Armor
21:40 Chain Barding Armor
25:29 Bow Saw
15.
8:21 Loom
10:25 Feudal Age
15:18 Castle Age
13:21 Double-Bit Axe
13:59 Fletching
15:41 Forging
15:21 Crossbowman
19:50 Thumb Ring
21:14 Horse Collar
Connection lost

Rejoining the realm…

Still unreachable

The connection could not be restored.

Session expired

The server has moved on; the page needs a fresh start.